 Dungeon Crawl Stone Soup version 0.30.1-11-g7821555f0a (webtiles) character file.

Game seed: 4697288630731886632

15285 jagang the Fighter (level 12, -3/103 HPs)
             Began as a Barachi Monk on Nov 14, 2023.
             Was a High Priest of Okawaru.
             Killed from afar by Jorgrun (31 damage)
             ... with an iron shot
             ... while petrified by Jorgrun
             ... on level 12 of the Dungeon.
             The game lasted 00:41:43 (10019 turns).

jagang the Fighter (Barachi Monk)                  Turns: 10019, Time: 00:41:44

Health: -3/103     AC: 30    Str: 13    XL:     12   Next: 25%
Magic:  16/16      EV:  2    Int: 15    God:    Okawaru [*****.]
Gold:   495        SH:  0    Dex: 18    Spells: 11/11 levels left

rFire   + . .        R - +0 falchion of Causality {speed, +Blink}
rCold   . . .        d - orb {light}
rNeg    + + +        b - +9 plate armour of Midnight {+Inv rF+ Slay+2}
rPois   ∞            H - +2 helmet {Int+3}
rElec   .            T - scarf {repulsion}
rCorr   .            (no gloves)
SInv    .            m - +1 pair of boots {Fly}
Will    .....        e - amulet of regeneration Stlth
                     (no ring)
HPRegen 1.17/turn    (no ring)
MPRegen 0.15/turn

%: repel missiles
@: petrified, flying, glowing, slow
A: amphibious, slowness 1, strong legs 1, +LOS
a: Hop, Renounce Religion, Evoke Blink, Evoke Invisibility, Heroism, Finesse,
Duel


You were on level 12 of the Dungeon.
You worshipped Okawaru.
Okawaru was extremely pleased with you.
You visited 3 branches of the dungeon, and saw 14 of its levels.

You collected 690 gold pieces.
You spent 195 gold pieces at shops.

Inventory:

Hand Weapons
 s - a +0 scimitar of holy wrath
 t - a +2 long sword of venom
 Q - a +2 scimitar
 R - the +0 falchion of Causality (weapon) {speed, +Blink}
   (You found it on level 7 of the Dungeon)

   +Blink:    It lets you blink.
Missiles
 l - 4 curare-tipped darts
 n - 2 datura-tipped darts
 y - 8 atropa-tipped darts
 F - 7 poisoned darts (quivered)
 J - a javelin
 S - a boomerang of dispersal
Armour
 b - the +9 plate armour of Midnight (worn) {+Inv rF+ Slay+2}
   (You took it off an orc warrior on level 6 of the Dungeon)

   Slay:      It affects your accuracy & damage with ranged weapons and melee
   (+2).
   rF:        It protects you from fire.
   +Inv:      It lets you turn invisible.
 d - an orb of light (worn)
 m - a +1 pair of boots of flying (worn)
 H - a +2 helmet of intelligence (worn)
 M - a +2 chain mail of fire resistance
 T - a scarf of repulsion (worn)
Jewellery
 e - an amulet of regeneration (around neck)
 X - a ring of protection from fire
Wands
 x - a wand of polymorph (14)
 D - a wand of light (12)
 E - a wand of flame (19)
 U - a wand of paralysis (7)
Scrolls
 f - 3 scrolls of immolation
 g - 4 scrolls of fog
 h - 4 scrolls of teleportation
 i - 3 scrolls of vulnerability
 k - 3 scrolls of magic mapping
 q - 2 scrolls of silence
 v - 3 scrolls of fear
 w - 2 scrolls of enchant weapon
 W - a scroll of torment
Potions
 a - 3 potions of brilliance {unknown}
 c - 3 potions of ambrosia
 o - 2 potions of lignification {unknown}
 p - a potion of flight {unknown}
 r - 8 potions of curing
 z - 4 potions of attraction {unknown}
 A - 3 potions of mutation {unknown}
 B - 2 potions of might {unknown}
 C - 2 potions of degeneration {unknown}
 G - 2 potions of magic {unknown}
 I - a potion of resistance {unknown}
 K - 5 potions of haste {unknown}
 N - a potion of heal wounds {unknown}
 O - 2 potions of cancellation {unknown}


   Skills:
 * Level 12.8 Fighting
 * Level 12.7 Long Blades
 + Level 4.5 Throwing
 * Level 12.3 Armour
 - Level 3.2 Dodging
 + Level 6.0 Invocations


You had 11 spell levels left.
You didn't know any spells.
Your spell library contained the following spells:

 Spells                   Type           Power      Damage    Failure   Level
 Foxfire                  Conj/Fire      0%         2x1d4     100%        1
 Freeze                   Ice            0%         1d3       100%        1
 Blink                    Tloc           0%         N/A       100%        2
 Ensorcelled Hibernation  Hex/Ice        0%         N/A       100%        2
 Lesser Beckoning         Tloc           0%         N/A       100%        2
 Momentum Strike          Conj/Tloc      0%         3d8       100%        2
 Passwall                 Tmut/Erth      0%         N/A       100%        2
 Dazzling Flash           Conj/Hex       0%         N/A       100%        3
 Frozen Ramparts          Ice            0%         1d1       100%        3
 Hailstorm                Conj/Ice       0%         3d3       100%        3
 Inner Flame              Hex/Fire       0%         N/A       100%        3
 Ozocubu's Armour         Ice            0%         N/A       100%        3
 Swiftness                Air            0%         N/A       100%        3
 Volatile Blastmotes      Fire/Tloc      0%         2d10      100%        3
 Flame Wave               Conj/Fire      0%         2d4       100%        4
 Iskenderun's Mystic Bla  Conj/Tloc      0%         2d3       100%        4
 Sticky Flame             Conj/Fire      0%         2d3       100%        4
 Fireball                 Conj/Fire      0%         3d3       100%        5
 Metabolic Englaciation   Hex/Ice        0%         N/A       100%        5
 Yara's Violent Unravell  Hex/Tmut       0%         3d3       100%        5
 Plasma Beam              Fire/Air       0%         2x1d11    100%        6
 Starburst                Conj/Fire      0%         6d3       100%        6
 Enfeeble                 Hex            0%         N/A       100%        7
 Simulacrum               Ice/Necr       Unusable   N/A       N/A         6

Dungeon Overview and Level Annotations

Branches:
Dungeon (12/15)            Temple (1/1) D:5            Lair (1/5) D:10
    Orc: D:9-12

Altars:
Ashenzari
Cheibriados
Dithmenos
Elyvilon
Fedhas
Gozag
Hepliaklqana
Kikubaaqudgha
Makhleb
Nemelex Xobeh
Okawaru
Qazlal
Ru
Sif Muna
Trog
Uskayaw
Vehumet
Wu Jian
Xom
Yredelemnul
Zin
The Shining One

Shops:
D:3 [   D:11 :

Annotations:
D:11 2 runed translucent doors, lonewolfV2's ghost, journeyman MiFi
D:12 Jorgrun


Innate Abilities, Weirdness & Mutations

You are amphibious.
You cover ground slowly.
You can hop short distances.
You have an extended range of vision and can be seen from far away.


Message History

Throw: 9 darts (poison)
Press: ? - help, Q - select action, (/) - cycle Shift-Dir - straight line, f/p - Jorgrun
Aim: Jorgrun, wielding a staff of earth and wearing a +0 robe (heavily wounded, haloed, 71% to hit)
You throw a poisoned dart.
The poisoned dart barely misses Jorgrun.
Jorgrun points at you and mumbles some strange words.
You are slowing down.
The grasping roots constrict you.
Throw: 8 darts (poison)
Press: ? - help, Q - select action, (/) - cycle Shift-Dir - straight line, f/p - Jorgrun
Aim: Jorgrun, wielding a staff of earth and wearing a +0 robe (heavily wounded, haloed, 71% to hit)
You throw a poisoned dart.
The poisoned dart barely misses Jorgrun.
Jorgrun hits you but does no damage. The grasping roots constrict you.
Your limbs are stiffening.
Aiming: Paralyse
Press: ? - help, Shift-Dir - straight line, f/p - Jorgrun
Aim: Jorgrun, wielding a staff of earth and wearing a +0 robe (heavily wounded, haloed, chance to affect: 0%)
Okay, then.
Okay, then.
It was a potion of curing.
You feel better. Jorgrun hits you with a staff of earth!
The grasping roots constrict you! Jorgrun hits you but does no damage.
The grasping roots constrict you.
You have turned to stone.
The grasping roots release their grip on you.
Jorgrun gestures at you while chanting. The iron shot hits you!
* * * LOW HITPOINT WARNING * * *
The vampire mosquito buzzes angrily.
Jorgrun hits you with a staff of earth!
* * * LOW HITPOINT WARNING * * *
Jorgrun hits you but does no damage. x2
The vampire mosquito buzzes angrily.
Jorgrun hits you but does no damage.
The vampire mosquito bites you but does no damage. x2
Jorgrun hits you but does no damage.
The vampire mosquito bites you but does no damage. x2
Jorgrun gestures at you while chanting. The iron shot hits you!!!
You die...

### #.#### ##.@#.#
###.#.gy).###
#......y....##
#............#
#............#
#......#........
.[..................
....(#...............
..(.#.................


You could see Jorgrun and 2 vampire mosquitoes.

Vanquished Creatures
  3 two-headed ogres
  Pikel (D:6)
  3 ugly things
  A cyclops (D:11)
  A gargoyle (D:12)
  An unseen horror (D:11)
  A kobold demonologist (D:11)
  A hornet (D:10)
  Grinder (D:5)
  Prince Ribbit (D:7)
  Sigmund (D:5)
  5 wyverns
  A vampire (D:11)
  3 slime creatures
  A shadow (D:11)
  20 yaks
  3 steam dragons
  A golden eye (shapeshifter) (D:8)
  Menkaure (D:5)
  5 water moccasins
  Duvessa (D:5)
  5 orc warriors
  3 sky beasts
  A black bear (D:7)
  2 ice beasts
  2 ogres
  2 centaurs
  A kobold brigand (D:8)
  A lemure (D:6)
  A phantom (D:5)
  8 bullfrogs
  4 scorpions
  6 wights
  Dowan (D:5)
  14 killer bees
  An electric eel (D:6)
  6 howler monkeys
  3 hounds
  4 orc priests
  A gnoll bouda (D:6)
  2 jellies
  3 sleepcaps
  An iguana (D:4)
  5 orc wizards
  7 gnolls
  9 adders
  2 shadow imps (D:8)
  2 white imps
  An ufetubus (D:5)
  A worm (D:3)
  2 dart slugs
  24 orcs
  8 endoplasms
  A giant cockroach (D:3)
  5 goblins
  9 hobgoblins
  4 quokkas
  9 ball pythons
  6 bats
  5 frilled lizards
  14 kobolds
  4 rats
246 creatures vanquished.

Vanquished Creatures (collateral kills)
  A sky beast (D:6)
  The ghost of Joad the Sneak, a weakling DsDe (D:6)
  2 gnolls
  2 orcs (D:6)
6 creatures vanquished.

Grand Total: 252 creatures vanquished

Notes
Turn   | Place    | Note
-------+----------+-------------------------------------------
     0 | D:1      | jagang the Barachi Monk began the quest for the Orb.
     0 | D:1      | Reached XP level 1. HP: 18/18 MP: 1/1
   143 | D:1      | Reached skill level 1 in Armour
   143 | D:1      | Reached XP level 2. HP: 22/25 MP: 2/2
   205 | D:1      | Found a faded altar of an unknown god.
   583 | D:1      | Reached XP level 3. HP: 29/30 MP: 3/3
  1039 | D:2      | Found a snail-covered altar of Cheibriados.
  1217 | D:2      | Reached XP level 4. HP: 18/38 MP: 4/4
  1533 | D:3      | Noticed an ice beast
  1553 | D:3      | Killed an ice beast
  1554 | D:3      | Reached skill level 5 in Fighting
  1554 | D:3      | Reached skill level 5 in Long Blades
  1554 | D:3      | Reached skill level 1 in Throwing
  1554 | D:3      | Reached XP level 5. HP: 28/44 MP: 5/5
  1620 | D:3      | Identified the +3 dagger of Agony {drain, rCorr}
  1793 | D:3      | Found the amulet of the Air {Inacc Air Fly rElec RMsl}
  2030 | D:3      | Found a hide-covered altar of Uskayaw.
  2061 | D:3      | Found Taff's Antique Armour Boutique.
  2289 | D:4      | Reached XP level 6. HP: 51/51 MP: 6/6
  2481 | D:4      | Noticed a water moccasin
  2500 | D:4      | Killed a water moccasin
  2501 | D:4      | Reached XP level 7. HP: 50/57 MP: 7/7
  2935 | D:5      | Entered Level 5 of the Dungeon
  2935 | D:5      | Found a staircase to the Ecumenical Temple.
  2987 | Temple   | Entered the Ecumenical Temple
  3105 | Temple   | Became a worshipper of Warmaster Okawaru
  3105 | Temple   | Reached * piety under Okawaru
  3105 | Temple   | Reached ** piety under Okawaru
  3138 | D:5      | Noticed Sigmund
  3151 | D:5      | Reached skill level 5 in Armour
  3154 | D:5      | Noticed Grinder
  3155 | D:5      | Noticed a wyvern
  3171 | D:5      | Killed a wyvern
  3175 | D:5      | Paralysed by Grinder for 3 turns
  3205 | D:5      | Reached skill level 1 in Invocations
  3205 | D:5      | Reached XP level 8. HP: 59/65 MP: 8/8
  3214 | D:5      | Killed Grinder
  3214 | D:5      | Reached *** piety under Okawaru
  3256 | D:5      | Killed Sigmund
  3299 | D:3      | Bought a runed helmet for 195 gold pieces
  3357 | D:5      | Noticed Menkaure
  3428 | D:5      | Killed Menkaure
  3467 | D:5      | Noticed Duvessa
  3483 | D:5      | Killed Duvessa
  3489 | D:5      | Noticed Dowan
  3498 | D:5      | Killed Dowan
  3535 | D:5      | Received a gift from Okawaru
  3635 | D:5      | Reached XP level 9. HP: 74/74 MP: 10/10
  3722 | D:5      | Found a white marble altar of Elyvilon.
  3884 | D:6      | Identified the +1 dagger of Responsibility {venom, Fragile
                  | rCorr Int+5 SInv}
  3981 | D:6      | Noticed Pikel
  3993 | D:6      | Reached **** piety under Okawaru
  4028 | D:6      | Killed Pikel
  4131 | D:6      | Found a runed translucent gate.
  4131 | D:6      | Found a runed translucent gate.
  4132 | D:6      | Found a runed translucent gate.
  4132 | D:6      | Noticed Joad's ghost (weakling DsDe)
  4132 | D:6      | Identified the +9 plate armour of Midnight {+Inv rF+
                  | Slay+2}
  4329 | D:6      | Received a gift from Okawaru
  4859 | D:7      | Reached XP level 10. HP: 70/80 MP: 12/12
  4966 | D:7      | Identified the +0 falchion of Causality {speed, +Blink}
  4997 | D:7      | Noticed Prince Ribbit
  5025 | D:7      | Killed Prince Ribbit
  5229 | D:7      | Found a hazy altar of Hepliaklqana.
  5615 | D:6      | Killed Joad's ghost
  6115 | D:8      | Reached skill level 10 in Fighting
  6133 | D:8      | Reached skill level 10 in Long Blades
  6162 | D:8      | Noticed a two-headed ogre
  6173 | D:8      | Killed a two-headed ogre
  6173 | D:8      | Reached ***** piety under Okawaru
  6188 | D:8      | Noticed a red ugly thing
  6207 | D:8      | Killed a red ugly thing
  6213 | D:8      | Received a gift from Okawaru
  6225 | D:8      | Reached skill level 10 in Armour
  6823 | D:8      | Reached XP level 11. HP: 92/92 MP: 14/14
  7565 | D:9      | Reached skill level 5 in Invocations
  7694 | D:10     | Entered Level 10 of the Dungeon
  7701 | D:10     | Received a gift from Okawaru
  7832 | D:10     | Found a shadowy altar of Dithmenos.
  8105 | D:10     | Noticed a two-headed ogre
  8114 | D:10     | Received a gift from Okawaru
  8180 | D:10     | Killed a two-headed ogre
  8244 | D:10     | Found a staircase to the Lair.
  8287 | Lair:1   | Entered Level 1 of the Lair of Beasts
  9082 | D:11     | Noticed a cyclops
  9094 | D:11     | Killed a cyclops
  9381 | D:11     | Noticed lonewolfV2's ghost (journeyman MiFi)
  9381 | D:11     | Noticed a lich
  9381 | D:11     | Noticed an orb spider
  9381 | D:11     | Noticed a necromancer
  9381 | D:11     | Noticed a skeletal warrior
  9383 | D:11     | Noticed a skeletal warrior
  9383 | D:11     | Noticed a skeletal warrior
  9385 | D:11     | Noticed a stone giant
  9387 | D:11     | an orb spider changed into a deep troll
  9387 | D:11     | Noticed a deep troll (glowing shapeshifter)
  9408 | D:11     | Found a runed translucent door.
  9417 | D:11     | Found a runed translucent door.
  9420 | D:11     | Noticed a boulder beetle
  9443 | D:11     | Reached XP level 12. HP: 96/103 MP: 16/16
  9460 | D:11     | Noticed a two-headed ogre
  9479 | D:11     | Noticed an ice dragon
  9486 | D:11     | Killed a two-headed ogre
  9490 | D:11     | an ice dragon changed into a six-headed hydra
  9490 | D:11     | Noticed a six-headed hydra (glowing shapeshifter)
  9697 | D:11     | Found Sypuem's Book Boutique.
  9733 | D:12     | Noticed a two-headed ogre
  9842 | D:12     | Received a gift from Okawaru
  9858 | D:12     | Noticed Jorgrun
 10019 | D:12     | Killed from afar by Jorgrun

Illustrated notes

Levels and vault maps discovered:
D:1:      dpeg_arrival_round_a, layout_basic, hellmonk_ecumenical_altar_zigzags
D:2:      layout_basic, basic_altar
D:3:      layout_loops_cross, nicolae_overflow_hidden_temple, serial_shops, shop
D:4:      layout_loops_cross
D:5:      layout_rooms, nicolae_elyvilon_temple_path,
          minmay_temple_entry_proselytizer, uniq_duvessa, uniq_menkaure,
          uniq_sigmund, uniq_grinder
D:6:      layout_rooms, serial_rivers, chequers_serial_rivers_marsh,
          chequers_serial_rivers_micro_b, chequers_serial_rivers_small_a,
          chequers_serial_rivers_micro_c, chequers_serial_rivers_small_a,
          biasface_ghost_orc_armoury, st_stairs_3, nicolae_lava_and_water,
          chequers_serial_rivers_small_b, uniq_pikel
D:7:      layout_basic, mainiacjoe_overflow_surrounded_room, uniq_prince_ribbit1
D:8:      wad_guarded_room, layout_basic
D:9:      layout_irregular_city
D:10:     layout_basic, mainiacjoe_overflow_concentric_impassable,
          due_lair_maze_entry_diamond
D:11:     layout_basic, serial_shops, nicolae_shop_back_alley_shop,
          muffindrake_ghost_dual_entry
D:12:     layout_cave_pools, orc_0_dummy, uniq_jorgrun
Temple:   compressed_dpeg_circular_temple
Lair:1:   layout_layer_cave, grunt_forest_large_clearings

Skill      XL: |  1  2  3  4  5  6  7  8  9 10 11 12 |
---------------+-------------------------------------+-----
Armour         | 1 2 3 4 5 6 8 10 11 12 | 12.3
Fighting       | 4 5 6 7 9 10 12 | 12.8
Long Blades    | 4 5 6 7 9 10 12 | 12.7
Throwing       | 1 2 3 4 |  4.5
Invocations    | 1 2 3 4 5 6 |  6.0
Dodging        | |  3.2

Action                     |  1- 3 |  4- 6 |  7- 9 | 10-12 || total
---------------------------+-------+-------+-------+-------++-------
  Melee: Falchion          |   102 |    40 |       |   792 ||   934
         Dagger            |       |   104 |   319 |    51 ||   474
         Scimitar          |       |       |       |     1 ||     1
  Throw: Dart              |     1 |     2 |     6 |    46 ||    55
 Invoke: Heroism           |       |       |       |     2 ||     2
Ability: Hop               |       |       |     2 |     4 ||     6
    Use: Scroll            |       |       |     6 |     8 ||    14
         Potion            |       |       |       |     1 ||     1
 Armour: Chain mail        |    60 |     2 |       |       ||    62
         Robe              |     1 |       |       |       ||     1
         Plate armour      |       |   110 |   182 |   434 ||   726
  Dodge: Dodged            |    63 |    22 |    64 |   126 ||   275
